 Dungeon Crawl Stone Soup version 0.25.0-10-g039870ee82 (webtiles) character file.

Game seed: 9807058920067415607

(classic levelgen) 3 EnegeticOcto the Covered (level 1, 0/20 HPs)
             Began as a Deep Dwarf Fighter on June 23, 2020.
             Slain by a gnoll
             ... wielding a +0 halberd
              (12 damage)
             ... on level 2 of the Dungeon.
             The game lasted 00:00:05 (104 turns).

EnegeticOcto the Covered (Deep Dwarf Fighter)        Turns: 104, Time: 00:00:06

Health: 0/20       AC:  6    Str: 19    XL:     1   Next: 41%
Magic:  1/1        EV:  7    Int:  8    God:
Gold:   18         SH:  9    Dex: 12    Spells: 0/0 levels left

rFire    . . .     SeeInvis .   a - +0 war axe
rCold    . . .     Gourm    .   c - +0 kite shield
rNeg     . . .     Faith    .   b - +0 scale mail
rPois    .         Spirit   .   (no helmet)
rElec    .         Reflect  .   (no cloak)
rCorr    .         Harm     .   (no gloves)
MR       .....                  (no boots)
Stlth    ..........             (no amulet)
HPRegen  0.00/turn              (no ring)
MPRegen  0.07/turn              (no ring)

@: non-regenerating
A: damage resistance, heal wounds, sense surroundings 1, no regeneration
a: Heal Wounds


You were on level 2 of the Dungeon.
You were not hungry.

You visited 1 branch of the dungeon, and saw 2 of its levels.

You collected 18 gold pieces.

Inventory:

Hand Weapons
 a - a +0 war axe (weapon)
Armour
 b - a +0 scale mail (worn)
 c - a +0 kite shield (worn)
Jewellery
 f - an uncursed ring of poison resistance {unknown}
Scrolls
 d - a scroll of remove curse {unknown}
Potions
 g - a potion of curing {unknown}
 k - a potion of might {@q3}
Comestibles
 e - 2 rations


   Skills:
 * Level 2.7 Fighting
 * Level 2.2 Axes
 + Level 3.3 Armour
 + Level 0.1 Dodging
 + Level 3.3 Shields


You couldn't memorise any spells.
You didn't know any spells.
Your spell library was empty.

Dungeon Overview and Level Annotations

Branches:
Dungeon (2/15)

Altars:


Innate Abilities, Weirdness & Mutations

You are resistant to damage.
You can heal yourself by infusing magical energy.
You passively map a small area around you.
You do not regenerate.


Message History

The kobold shouts!
The kobold throws a stone.
The stone hits you but does no damage.
You see here a stone.
A kobold is nearby!
The kobold throws a stone.
The stone hits you but does no damage.
You see here a stone.
The kobold throws a stone.
The stone barely misses you.
Found a whip.
You block the kobold's attack.
You barely miss the kobold. The kobold hits you but does no damage.
You block the kobold's attack.
You hit the kobold.
You kill the kobold!
No target in view!
No target in view!
No target in view!
No target in view!
f - a jade ring You now have 18 gold pieces (gained 8).
e - 2 rations (gained 1)
A hobgoblin comes into view.
The hobgoblin shouts!
You block the hobgoblin's attack.
Found a stone staircase leading down.
A hobgoblin is nearby!
A hobgoblin is nearby!
A hobgoblin is nearby!
You slash the hobgoblin!
You kill the hobgoblin!
No target in view!
No target in view!
No target in view!
No target in view!
No target in view!
No target in view!
No target in view!
No target in view!
No target in view!
A goblin comes into view. It is wielding a +0 dagger.
The goblin shouts!
A goblin is nearby!
A goblin is nearby!
A goblin is nearby!
A goblin is nearby!
The goblin hits you but does no damage.
You miss the goblin. You block the goblin's attack.
The goblin completely misses you.
You closely miss the goblin. The goblin barely misses you.
You barely miss the goblin. The goblin hits you but does no damage.
You slash the goblin!
You kill the goblin!
No target in view!
No target in view!
No target in view!
No target in view!
No target in view!
No target in view!
No target in view!
No target in view!
No target in view!
No target in view!
(D) Dungeon
Where to? (? - help)
Found a kite shield.
g - an orange potion You see here a +0 dagger.
There is a stone staircase leading down here.
You climb downwards.
A frilled lizard comes into view.
The frilled lizard hisses angrily.
There is a stone staircase leading up here.
A frilled lizard is nearby!
A frilled lizard is nearby! 3 gnolls come into view.
The gnoll shouts! x2; You hear a shout!
The frilled lizard bites you but does no damage.
A gnoll comes into view. It is wielding a +0 spear.
Found 7 gold pieces.
You closely miss the frilled lizard. The frilled lizard bites you.
You miss the frilled lizard. The frilled lizard bites you.
You block the frilled lizard's attack. The gnoll closely misses you.
You completely miss the gnoll.
Your shield and scale mail prevent you from hitting the frilled lizard.
The gnoll hits you but does no damage. The frilled lizard barely misses you.
The gnoll hits you.
The gnoll hits you from afar with a +0 spear.
Your shield and scale mail prevent you from hitting the gnoll.
Your shield prevents you from hitting the frilled lizard.
The gnoll hits you but does no damage. The gnoll barely misses you.
The frilled lizard bites you but does no damage.
You block the gnoll's attack.
Your shield and scale mail prevent you from hitting the gnoll.
You barely miss the frilled lizard. You block the gnoll's attack.
The frilled lizard completely misses you.
You block the gnoll's attack.
The gnoll hits you from afar with a +0 spear.
The frilled lizard barely misses you. The gnoll hits you but does no damage.
The gnoll hits you from afar with a +0 halberd!
Ouch! That really hurt!
You die...

* * *, ,, #
# * #. *.#
*#.###.#
,*#..<..# *
###.###* **
* * * #.# ,
* * #@# , *
....gggl#
*, * ,
.....g... ,
..........*
,
##.###.....
< #,
#.##... , ,
#. ##.# *
#. .# * *


You could see 4 gnolls and a frilled lizard.

Vanquished Creatures
  A goblin (D:1)
  A hobgoblin (D:1)
  A kobold (D:1)
3 creatures vanquished.

Notes
Turn   | Place    | Note
-------+----------+-------------------------------------------
     0 | D:1      | EnegeticOcto the Deep Dwarf Fighter began the quest for the
                  | Orb.
     0 | D:1      | Reached XP level 1. HP: 20/20 MP: 1/1
   104 | D:2      | Slain by a gnoll

Illustrated notes

Levels and vault maps discovered:
D:1:      roderic_chinese_lattice_arrival, layout_basic, serial_bayou_pond_e
D:2:      layout_loops_ring, first_ration

Action                   || total
-------------------------++-------
Melee: War axe           ||    12
Armor: Scale mail        ||     6
Dodge: Dodged            ||     8
Block: Kite shield       ||     8
